TOP OF THE 1ST |
Ogden Spikes batting - Pitching for Billings Mustangs : LHP Salomé Plcido
|
Pitching: LHP Salomé Plcido
|
|
Batting: LHB Everett Graham
|
0-0: Ball 1-0: Foul Ball, location: 2F 1-1: SINGLE (Groundball, 6S, EV 65.0 MPH) (infield hit)
|
Batting: RHB Ken Jackson
|
0-0: Ball 1-0: Ball 2-0: Ball 3-0: Base on Balls Everett Graham to second
|
Batting: LHB Lenny Harris
|
0-0: Called Strike 0-1: Ball 1-1: Foul Ball, location: 2F 1-2: Grounds into double play, 4-6-3 (Groundball, 4S, EV 81.9 MPH) Everett Graham to third
|
Batting: RHB Jeffrey Smith
|
0-0: Foul Ball, location: 2F 0-1: Foul Ball, location: 2F 0-2: Ball 1-2: Ball 2-2: Ground out 6-3 (Groundball, 6, EV 106.3 MPH)
|
Top of the 1st over - 0 runs, 1 hit, 0 errors, 1 left on base; Ogden 0 - Billings 0 |
BOTTOM OF THE 1ST |
Billings Mustangs batting - Pitching for Ogden Spikes : RHP Timothy Steverson
|
Pitching: RHP Timothy Steverson
|
|
Batting: SHB Terrence Derby
|
0-0: Ball 1-0: Ball 2-0: Called Strike 2-1: Swinging Strike 2-2: Ball 3-2: Ground out 4-3 (Groundball, 34D, EV 78.8 MPH)
|
Batting: RHB Joseph Kramer
|
0-0: Ball 1-0: Fly out, F8 (Flyball, 78XD, EV 103.8 MPH)
|
Batting: LHB Dave Verkuilen
|
0-0: Called Strike 0-1: Called Strike 0-2: Strikes out swinging
|
Bottom of the 1st over - 0 runs, 0 hits, 0 errors, 0 left on base; Ogden 0 - Billings 0 |
TOP OF THE 2ND |
Ogden Spikes batting - Pitching for Billings Mustangs : LHP Salomé Plcido
|
Batting: LHB Roberto Casasnovas
|
0-0: Ball 1-0: Foul Ball, location: 2F 1-1: Ball 2-1: Swinging Strike 2-2: Foul Ball, location: 2F 2-2: Ball 3-2: DOUBLE (Line Drive, 3D, EV 103.1 MPH)
|
Batting: LHB Sam Nattile
|
0-0: Called Strike 0-1: Ground out U3 (Groundball, 3S, EV 64.4 MPH) Roberto Casasnovas to third
|
Batting: RHB Wilfredo Tejada
|
0-0: Ball 1-0: Ground out 4-3 (Groundball, 4, EV 101.9 MPH) Roberto Casasnovas scores
|
Batting: SHB Mark Lemke
|
0-0: Ball 1-0: Ball 2-0: Foul Ball, location: 2F 2-1: Swinging Strike 2-2: Ball 3-2: Base on Balls
|
Batting: RHB Joey Mackay
|
0-0: Foul Ball, location: 2F 0-1: Ball 1-1: Swinging Strike 1-2: Fly out, F8 (Flyball, 8RS, EV 76.9 MPH)
|
Top of the 2nd over - 1 run, 1 hit, 0 errors, 1 left on base; Ogden 1 - Billings 0 |
BOTTOM OF THE 2ND |
Billings Mustangs batting - Pitching for Ogden Spikes : RHP Timothy Steverson
|
Batting: RHB James Hudson
|
0-0: Ball 1-0: Called Strike 1-1: Fly out, F7 (Flyball, 7, EV 83.8 MPH)
|
Batting: RHB Timothy Smith
|
0-0: Ball 1-0: Ground out 6-3 (Groundball, 6, EV 86.3 MPH)
|
Batting: RHB Bob Berry
|
0-0: Ball 1-0: Ball 2-0: Foul Ball, location: 2F 2-1: Fly out, F5 (Popup, 25F, EV 88.1 MPH)
|
Bottom of the 2nd over - 0 runs, 0 hits, 0 errors, 0 left on base; Ogden 1 - Billings 0 |
TOP OF THE 3RD |
Ogden Spikes batting - Pitching for Billings Mustangs : LHP Salomé Plcido
|
Batting: LHB Everett Graham
|
0-0: Ball 1-0: SINGLE (Groundball, 5L, EV 101.3 MPH) (infield hit)
|
Batting: RHB Ken Jackson
|
0-0: Ball 1-0: Swinging Strike 1-1: Ball 2-1: Called Strike 2-2: Fly out, F7 (Flyball, 7LS, EV 76.9 MPH)
|
Batting: LHB Lenny Harris
|
0-0: Ball 1-0: SINGLE (Line Drive, 89S, EV 111.3 MPH) Everett Graham to second Runner from 2nd tries for 3rd, SAFE, no throw by CF
|
Batting: RHB Jeffrey Smith
|
0-0: Called Strike 0-1: Ball 1-1: Ball 2-1: Ball 3-1: Called Strike 3-2: Base on Balls Lenny Harris to second
|
Batting: LHB Roberto Casasnovas
|
0-0: Ball 1-0: Ball 2-0: Ball 3-0: Base on Balls Everett Graham scores Lenny Harris to third Jeffrey Smith to second
|
Batting: LHB Sam Nattile
|
0-0: Foul Ball, location: 2F 0-1: Ball 1-1: Ball 2-1: Fly out, F5 (Popup, 5, EV 76.3 MPH)
|
Batting: RHB Wilfredo Tejada
|
0-0: Ball 1-0: Ball 2-0: Ball 3-0: Called Strike 3-1: Called Strike 3-2: Ground out 4-3 (Groundball, 13, EV 81.3 MPH)
|
Top of the 3rd over - 1 run, 2 hits, 0 errors, 3 left on base; Ogden 2 - Billings 0 |
BOTTOM OF THE 3RD |
Billings Mustangs batting - Pitching for Ogden Spikes : RHP Timothy Steverson
|
Batting: RHB Randy Day
|
0-0: Ball 1-0: Fly out, F4 (Popup, 4D, EV 60.0 MPH)
|
Batting: RHB Leonidas Nolasco
|
0-0: Swinging Strike 0-1: Ball 1-1: Ball 2-1: Ball 3-1: Foul Ball, location: 2F 3-2: Base on Balls
|
Batting: RHB Brian Milner
|
0-0: Ball 1-0: Foul Ball, location: 2F 1-1: Ball 2-1: Swinging Strike 2-2: Ball 3-2: Grounds into double play, 6-4-3 (Groundball, 6, EV 101.3 MPH)
|
Bottom of the 3rd over - 0 runs, 0 hits, 0 errors, 0 left on base; Ogden 2 - Billings 0 |
TOP OF THE 4TH |
Ogden Spikes batting - Pitching for Billings Mustangs : LHP Salomé Plcido
|
Batting: SHB Mark Lemke
|
0-0: SINGLE (Line Drive, 34, EV 93.8 MPH)
|
Batting: RHB Joey Mackay
|
0-0: Swinging Strike 0-1: Ball 1-1: Foul Ball, location: 2F 1-2: Ball 2-2: SINGLE (Groundball, 6M, EV 104.4 MPH) Mark Lemke to second Runner from 2nd tries for 3rd, SAFE, no throw by CF
|
Batting: LHB Everett Graham
|
0-0: Ball 1-0: SINGLE (Groundball, 4M, EV 110.0 MPH) (infield hit) Mark Lemke scores Joey Mackay to second
|
Batting: RHB Ken Jackson
|
0-0: Ball 1-0: Called Strike 1-1: Ball 2-1: Ball 3-1: Foul Ball, location: 2F 3-2: Base on Balls Joey Mackay to third Everett Graham to second
|
Batting: LHB Lenny Harris
|
0-0: Ball 1-0: Ground out U3 (Groundball, 3S, EV 63.1 MPH) Joey Mackay scores Everett Graham to third Ken Jackson to second
|
Batting: RHB Jeffrey Smith
|
0-0: SINGLE (Groundball, 34D, EV 101.3 MPH) Everett Graham scores Ken Jackson to third Runner from 3rd tries for Home, SAFE, throw by RF to home
|
Pitching: RHP Jim Hickey
|
|
Batting: LHB Roberto Casasnovas
|
0-0: Swinging Strike 0-1: Ball 1-1: SINGLE (Groundball, 4MS, EV 60.0 MPH) (infield hit) Jeffrey Smith to second
|
Batting: LHB Sam Nattile
|
0-0: Ball 1-0: Ball 2-0: Ball 3-0: Base on Balls Jeffrey Smith to third Roberto Casasnovas to second
|
Batting: RHB Wilfredo Tejada
|
0-0: Ball 1-0: Grounds into double play, 6-4-3 (Groundball, 6S, EV 87.5 MPH)
|
Top of the 4th over - 4 runs, 5 hits, 0 errors, 2 left on base; Ogden 6 - Billings 0 |
BOTTOM OF THE 4TH |
Billings Mustangs batting - Pitching for Ogden Spikes : RHP Timothy Steverson
|
Batting: SHB Terrence Derby
|
0-0: Ball 1-0: Ball 2-0: Called Strike 2-1: Foul Ball, location: 2F 2-2: Foul Ball, location: 2F 2-2: Foul Ball, location: 2F 2-2: Ball 3-2: Foul Ball, location: 2F 3-2: Base on Balls
|
Batting: RHB Joseph Kramer
|
0-0: Ball 1-0: Called Strike 1-1: Ball 2-1: SINGLE (Line Drive, 8RS, EV 96.9 MPH) Terrence Derby to second Runner from 2nd tries for 3rd, SAFE, throw by CF made to third
|
Batting: LHB Dave Verkuilen
|
0-0: Ball 1-0: Ball 2-0: Called Strike 2-1: Reached on error, E5 (Groundball, 56, EV 86.3 MPH) Terrence Derby scores Joseph Kramer to second
|
Batting: RHB James Hudson
|
0-0: Called Strike 0-1: Ball 1-1: Ball 2-1: Foul Ball, location: 2F 2-2: Fly out, F9 (Flyball, 89M, EV 88.1 MPH)
|
Batting: RHB Timothy Smith
|
0-0: Swinging Strike 0-1: Called Strike 0-2: SINGLE (Flyball, 56D, EV 91.3 MPH) Joseph Kramer to third Dave Verkuilen to second
|
Batting: RHB Bob Berry
|
0-0: Ball 1-0: Called Strike 1-1: Foul Ball, location: 2F 1-2: Ball 2-2: Ball 3-2: Base on Balls Joseph Kramer scores Dave Verkuilen to third Timothy Smith to second
|
Batting: RHB Randy Day
|
0-0: Called Strike 0-1: Ball 1-1: Fly out, F8 (Line Drive, 8LM, EV 98.1 MPH)
|
Batting: RHB Leonidas Nolasco
|
0-0: Foul Ball, location: 2F 0-1: Ball 1-1: Foul Ball, location: 2F 1-2: Fielders Choice at 2nd, 6-4 (Groundball, 6, EV 106.9 MPH)
|
Bottom of the 4th over - 2 runs, 2 hits, 1 error, 3 left on base; Ogden 6 - Billings 2 |
TOP OF THE 5TH |
Ogden Spikes batting - Pitching for Billings Mustangs : RHP Jim Hickey
|
Batting: SHB Mark Lemke
|
0-0: Ball 1-0: Swinging Strike 1-1: Called Strike 1-2: Fly out, F7 (Flyball, 7LM, EV 90.0 MPH)
|
Batting: RHB Joey Mackay
|
0-0: Ball 1-0: Called Strike 1-1: Ground out 4-3 (Groundball, 4M, EV 80.0 MPH)
|
Batting: LHB Everett Graham
|
0-0: Ground out 6-3 (Groundball, 6, EV 83.8 MPH)
|
Top of the 5th over - 0 runs, 0 hits, 0 errors, 0 left on base; Ogden 6 - Billings 2 |
BOTTOM OF THE 5TH |
Billings Mustangs batting - Pitching for Ogden Spikes : RHP Timothy Steverson
|
Batting: RHB Brian Milner
|
0-0: Ball 1-0: Foul Ball, location: 2F 1-1: Ball 2-1: Ball 3-1: Ground out 5-3 (Groundball, 56, EV 109.4 MPH)
|
Batting: SHB Terrence Derby
|
0-0: Ball 1-0: Ground out 6-3 (Groundball, 6, EV 107.5 MPH)
|
Batting: RHB Joseph Kramer
|
0-0: Foul Ball, location: 2F 0-1: Ground out 5-3 (Groundball, 56S, EV 91.3 MPH)
|
Bottom of the 5th over - 0 runs, 0 hits, 0 errors, 0 left on base; Ogden 6 - Billings 2 |
TOP OF THE 6TH |
Ogden Spikes batting - Pitching for Billings Mustangs : RHP Jim Hickey
|
Batting: RHB Ken Jackson
|
0-0: Ball 1-0: Ball 2-0: Called Strike 2-1: Fly out, F3 (Popup, 3SF, EV 80.6 MPH)
|
Batting: LHB Lenny Harris
|
0-0: Swinging Strike 0-1: Fly out, F3 (Flyball, 3D, EV 96.9 MPH)
|
Batting: RHB Jeffrey Smith
|
0-0: Fly out, F7 (Flyball, 7D, EV 76.3 MPH)
|
Top of the 6th over - 0 runs, 0 hits, 0 errors, 0 left on base; Ogden 6 - Billings 2 |
BOTTOM OF THE 6TH |
Billings Mustangs batting - Pitching for Ogden Spikes : RHP Timothy Steverson
|
Batting: LHB Dave Verkuilen
|
0-0: SOLO HOME RUN (Flyball, 9LD, EV 105.6 MPH), Distance : 371 ft
|
Batting: RHB James Hudson
|
0-0: Ball 1-0: Ball 2-0: Called Strike 2-1: Ball 3-1: Base on Balls
|
Batting: RHB Timothy Smith
|
0-0: Foul Ball, location: 2F 0-1: Ball 1-1: Ball 2-1: TRIPLE (Line Drive, 78XD, EV 97.5 MPH) James Hudson scores
|
Batting: RHB Bob Berry
|
0-0: Ball 1-0: Ball Wild Pitch! Timothy Smith scores 2-0: Foul Ball, location: 2F 2-1: Swinging Strike 2-2: Fly out, F8 (Flyball, 8LD, EV 88.1 MPH)
|
Batting: RHB Randy Day
|
0-0: Called Strike 0-1: Ball 1-1: SINGLE (Flyball, 9LS, EV 93.1 MPH)
|
Batting: RHB Leonidas Nolasco
|
0-0: Ball 1-0: SINGLE (Groundball, 6MD, EV 95.6 MPH) Randy Day to second
|
Batting: RHB Brian Milner
|
0-0: SINGLE (Groundball, 34D, EV 102.5 MPH) Randy Day to third Leonidas Nolasco to second Runner from 3rd tries for Home, SAFE, throw by RF to home
|
Batting: SHB Terrence Derby
|
0-0: Ball Leonidas Nolasco steals 3rd base 1-0: Fielders Choice at 2nd, 4-6 (Groundball, 4M, EV 81.3 MPH) Leonidas Nolasco scores
|
Batting: RHB Joseph Kramer
|
0-0: Ball 1-0: Ball 2-0: Ball 3-0: Base on Balls Terrence Derby to second
|
Pitching: RHP Douglas Barba
|
|
Batting: LHB Dave Verkuilen
|
0-0: Called Strike 0-1: Called Strike 0-2: Ball 1-2: Ball 2-2: Ball 3-2: Base on Balls Terrence Derby to third Joseph Kramer to second
|
Batting: RHB James Hudson
|
0-0: Ball 1-0: Called Strike 1-1: Ball 2-1: Ball 3-1: Base on Balls Terrence Derby scores Joseph Kramer to third Dave Verkuilen to second
|
Batting: RHB Timothy Smith
|
0-0: Ground out 1-3 (Groundball, 13S, EV 70.0 MPH)
|
Bottom of the 6th over - 6 runs, 5 hits, 0 errors, 3 left on base; Ogden 6 - Billings 8 |
TOP OF THE 7TH |
Ogden Spikes batting - Pitching for Billings Mustangs : RHP Jim Hickey
|
Batting: LHB Roberto Casasnovas
|
0-0: Ball 1-0: Called Strike 1-1: Ground out 4-3 (Groundball, 4S, EV 83.1 MPH)
|
Batting: LHB Sam Nattile
|
0-0: Foul Ball, location: 2F 0-1: Fly out, F8 (Flyball, 89D, EV 95.0 MPH)
|
Batting: RHB Wilfredo Tejada
|
0-0: Foul Ball, location: 2F 0-1: Fly out, F7 (Flyball, 7, EV 90.0 MPH)
|
Top of the 7th over - 0 runs, 0 hits, 0 errors, 0 left on base; Ogden 6 - Billings 8 |
BOTTOM OF THE 7TH |
Billings Mustangs batting - Pitching for Ogden Spikes : RHP Douglas Barba
|
Batting: RHB Bob Berry
|
0-0: Ground out 5-3 (Groundball, 56, EV 98.8 MPH)
|
Batting: RHB Randy Day
|
0-0: Foul Ball, location: 2F 0-1: Foul Ball, location: 2F 0-2: Foul Ball, location: 2F 0-2: Ball 1-2: SOLO HOME RUN (Line Drive, 7D, EV 109.4 MPH), Distance : 386 ft
|
Batting: RHB Leonidas Nolasco
|
0-0: Foul Ball, location: 2F 0-1: Ball 1-1: Swinging Strike 1-2: Fly out, F4 (Popup, 4M, EV 51.3 MPH)
|
Batting: RHB Brian Milner
|
0-0: SINGLE (Groundball, 4D, EV 104.4 MPH)
|
Batting: SHB Terrence Derby
|
0-0: Foul Ball, location: 2F 0-1: Ball 1-1: Ball 2-1: Ball 3-1: Called Strike 3-2: Foul Ball, location: 2F 3-2: SINGLE (Line Drive, 5D, EV 97.5 MPH) Brian Milner to second Brian Milner to third
|
Batting: RHB Joseph Kramer
|
0-0: Ball 1-0: Ball 2-0: Called Strike 2-1: Ground out 5-3 (Groundball, 5L, EV 89.4 MPH)
|
Bottom of the 7th over - 1 run, 3 hits, 0 errors, 2 left on base; Ogden 6 - Billings 9 |
TOP OF THE 8TH |
Ogden Spikes batting - Pitching for Billings Mustangs : RHP Jim Hickey
|
Batting: SHB Mark Lemke
|
0-0: Foul Ball, location: 2F 0-1: Ball 1-1: Swinging Strike 1-2: Strikes out looking
|
Batting: RHB Joey Mackay
|
0-0: Ball 1-0: Ball 2-0: Foul Ball, location: 2F 2-1: Foul Ball, location: 7LSF, Error on foul ball, E7 2-2: Ball 3-2: Foul Ball, location: 2F 3-2: Strikes out swinging
|
Batting: LHB Everett Graham
|
0-0: Ball 1-0: Ball 2-0: DOUBLE (Flyball, 89D, EV 91.3 MPH)
|
Batting: RHB Ken Jackson
|
0-0: Ball 1-0: Ball 2-0: SINGLE (Groundball, 6M, EV 87.5 MPH) (infield hit) Everett Graham to third
|
Batting: LHB Lenny Harris
|
0-0: Ball 1-0: Swinging Strike 1-1: Ball 2-1: Ball 3-1: Foul Ball, location: 2F 3-2: Foul Ball, location: 2F 3-2: Foul Ball, location: 2F 3-2: Foul Ball, location: 2F 3-2: Base on Balls Ken Jackson to second
|
Pitching: RHP Jeffery Stewart
|
|
Batting: RHB Jeffrey Smith
|
0-0: Ball 1-0: Ball 2-0: Foul Ball, location: 2F 2-1: Swinging Strike 2-2: Strikes out swinging
|
Top of the 8th over - 0 runs, 2 hits, 1 error, 3 left on base; Ogden 6 - Billings 9 |
BOTTOM OF THE 8TH |
Billings Mustangs batting - Pitching for Ogden Spikes : RHP Douglas Barba
|
Batting: LHB Dave Verkuilen
|
0-0: Ball 1-0: Ball 2-0: DOUBLE (Line Drive, 9LM, EV 100.0 MPH)
|
Batting: RHB James Hudson
|
0-0: Intentional Walk
|
Batting: RHB Timothy Smith
|
0-0: Ball 1-0: Called Strike 1-1: Swinging Strike 1-2: Foul Ball, location: 2F 1-2: Strikes out swinging
|
Batting: RHB Bob Berry
|
0-0: SINGLE (Line Drive, 78M, EV 105.6 MPH) Dave Verkuilen to third James Hudson to second
|
Batting: RHB Randy Day
|
0-0: Called Strike 0-1: DOUBLE (Line Drive, 3D, EV 105.0 MPH) Dave Verkuilen scores James Hudson scores Bob Berry to third
|
Batting: RHB Leonidas Nolasco
|
0-0: Ball 1-0: Called Strike 1-1: Ball 2-1: SINGLE (Groundball, 6D, EV 96.3 MPH) Bob Berry scores Randy Day to third Runner from 3rd tries for Home, SAFE, throw by LF to home
|
Batting: RHB Brian Milner
|
0-0: Called Strike 0-1: Fly out, F8 (Flyball, 8RM, EV 75.6 MPH)
|
Batting: SHB Terrence Derby
|
0-0: Called Strike 0-1: Ball 1-1: Foul Ball, location: 2F 1-2: Ball 2-2: Ball 3-2: Foul Ball, location: 2F 3-2: SINGLE (Groundball, 23, EV 65.0 MPH) (infield hit) Leonidas Nolasco to second
|
Batting: RHB Joseph Kramer
|
0-0: Ground out 6-3 (Groundball, 6S, EV 93.8 MPH)
|
Bottom of the 8th over - 4 runs, 5 hits, 0 errors, 2 left on base; Ogden 6 - Billings 13 |
TOP OF THE 9TH |
Ogden Spikes batting - Pitching for Billings Mustangs : RHP Jeffery Stewart
|
Pinch Hitting: RHB Joseph Jarrell
|
0-0: Foul Ball, location: 2F 0-1: Ball 1-1: Ball 2-1: Ball 3-1: Called Strike 3-2: Base on Balls
|
Batting: LHB Sam Nattile
|
0-0: Ball 1-0: Called Strike 1-1: Swinging Strike 1-2: Strikes out swinging
|
Batting: RHB Wilfredo Tejada
|
0-0: Called Strike 0-1: Fielders Choice at 2nd, 6-4 (Groundball, 6M, EV 105.0 MPH)
|
Batting: SHB Mark Lemke
|
0-0: Called Strike 0-1: Ball 1-1: Swinging Strike 1-2: Ball 2-2: Fielders Choice at 2nd, 6-4 (Groundball, 6, EV 101.9 MPH)
|
Top of the 9th over - 0 runs, 0 hits, 0 errors, 1 left on base; Ogden 6 - Billings 13 |
|